 Dungeon Crawl Stone Soup version 0.31-a0-198-g2ad674f65e (webtiles) character file.

Game seed: 4070853546441313692

4 qw the Shooter (level 1, 0/12 HPs)
             Began as a Deep Elf Hunter on June 25, 2023.
             Succumbed to their own poison gas
             ... on level 1 of the Dungeon.
             The game lasted 00:00:04 (67 turns).

qw the Shooter (Deep Elf Hunter)                      Turns: 67, Time: 00:00:05

Health: 0/12       AC:  3    Str:  8    XL:     1   Next: 50%
Magic:  3/3        EV: 12    Int: 13    God:
Gold:   15         SH:  0    Dex: 18    Spells: 0/0 levels left

rFire   . . .        Y - +0 shortbow
rCold   . . .        (shield currently unavailable)
rNeg    . . .        c - +0 leather armour
rPois   .            (no helmet)
rElec   .            (no cloak)
rCorr   .            (no gloves)
SInv    .            (no boots)
Will    .....        (no amulet)
Stlth   ++           (no ring)
HPRegen 0.22/turn    (no ring)
MPRegen 0.08/turn

%: no passive effects
@: lethally poisoned (0 -> -2), weak-willed
A: no striking features
a: no special abilities


You were on level 1 of the Dungeon.
You visited 1 branch of the dungeon, and saw 1 of its levels.

You collected 15 gold pieces.


   Skills:
 - Level 1.5 Fighting
 + Level 5.6 Ranged Weapons
 - Level 2.4 Dodging
 - Level 1.2 Stealth


You couldn't memorise any spells.
You didn't know any spells.
Your spell library was empty.

Inventory:

Hand Weapons
 Y - a +0 shortbow (weapon)
Armour
 c - a +0 leather armour (worn)

Dungeon Overview and Level Annotations

Branches:
Dungeon (1/15)

Altars:


Message History

You see here a bat corpse.
A rat comes into view.
Enter note: A rat is nearby!
56 ||| DROPPING ring of magical power.
You drop a ring of magical power.
A rat is nearby!
57 ||| READING scroll labelled DERACK FOFAOV.
As you read the scroll labelled DERACK FOFAOV, it crumbles to dust.
Magic quickly surges around you.
It was a scroll of vulnerability.
A rat is nearby!
58 ||| READING scroll labelled OLINAT LOFOUG.
The air fills with toxic fumes!
As you read the scroll labelled OLINAT LOFOUG, it crumbles to dust.
It was a scroll of poison.
A rat is nearby!
59 ||| DROPPING scroll of butterflies.
You drop a scroll of butterflies.
A rat is nearby!
A rat is nearby!
Enter note: Really walk into that cloud of poison gas?
You are engulfed in poison gas.
You are poisoned.
You feel very sick.
Enter note:
Enter note:
61 ||| Stepping ~*~*~tactically~*~*~ (cloud).
You feel sick.
Enter note:
Enter note:
62 ||| FLEEEEING.
You feel sick.
63 ||| FLEEEEING.
You feel sick.
64 ||| STILL FLEEEEING.
You feel sick.
There is a lethal amount of poison in your body!
You feel sick.
There is a lethal amount of poison in your body!
You feel sick.
There is a lethal amount of poison in your body!
You die...

.#...#...#...#.#
#.#.#.#.#.#.#.##
...#..¤#...#...#
#.#.#$#¤#.#.#.##
.#...#.0.#...#.#
..#.#.#.#?#.#.### #.
.#..#..#.0¤¤....# #.
#...#.#.¤¤¤¤¤..## #.
##.....@¤0¤¤¤¤..## #.
##.#..#000¤¤¤...# ##.
#.#..#000¤0¤.#.#####..
#.....¤¤¤¤¤0.#........
####.........###......
...................
...........##.#.###.
............[#.....
........#.......


There were no monsters in sight!

Vanquished Creatures
  A bat (D:1)
  An endoplasm (D:1)
  A quokka (D:1)
3 creatures vanquished.

Notes
Turn   | Place    | Note
-------+----------+-------------------------------------------
     0 | D:1      | qw the Deep Elf Hunter began the quest for the Orb.
     0 | D:1      | Reached XP level 1. HP: 12/12 MP: 3/3
     0 | D:1      | 0 ||| qw: Version: 0.3-a-22-g0ed2b0b
     0 | D:1      | 0 ||| qw: Game counter: 5111
     0 | D:1      | 0 ||| qw: Melee chars always use a shield: true
     0 | D:1      | 0 ||| qw: God list: Okawaru
     0 | D:1      | 0 ||| qw: Allow faded altars: false
     0 | D:1      | 0 ||| qw: Do Orc after clearing Dungeon:15 true
     0 | D:1      | 0 ||| qw: Do second Lair branch before Depths: true
     0 | D:1      | 0 ||| qw: Lair rune preference: random
     0 | D:1      | 0 ||| qw: Goals: Normal
     0 | D:1      | 0 ||| PLANNING D:1-11
    56 | D:1      | 56 ||| DROPPING ring of magical power.
    57 | D:1      | 57 ||| READING scroll labelled DERACK FOFAOV.
    58 | D:1      | 58 ||| READING scroll labelled OLINAT LOFOUG.
    59 | D:1      | 59 ||| DROPPING scroll of butterflies.
    61 | D:1      | 61 ||| Stepping ~*~*~tactically~*~*~ (cloud).
    62 | D:1      | 62 ||| FLEEEEING.
    63 | D:1      | 63 ||| FLEEEEING.
    63 | D:1      | HP: 3/12 [poisoned by you (poison gas)]
    65 | D:1      | HP: 1/12 [poisoned by you (poison gas)]
    67 | D:1      | Succumbed to their own poison gas

Levels and vault maps discovered:
D:1:      amcnicky_arrival_single_pillar, layout_rooms, kennysheep_crisscross

Action                     || total
---------------------------++-------
   Fire: Shortbow          ||     6
    Use: Scroll            ||     2

Table legend:
 A = Non-vault XP
 B = Vault XP
 C = Vault XP percentage of total XP
 D = Non-vault monster count
 E = Vault monster count
 F = Vault count percentage of total count
                 A         B        C        D         E       F
            +---------+---------+-------+---------+---------+-------
      Total |       6 |       0 |   0.0 |       3 |       0 |   0.0
            +---------+---------+-------+---------+---------+-------
        D:1 |       6 |       0 |   0.0 |       3 |       0 |   0.0
            +---------+---------+-------+---------+---------+-------
